AoeStats
← ale544

Arena

510247478Analyzed
2v2 RM · 3d ago on Sep 30, 2026· 46m 11s· 4 players
Game mode
Random Map
Map size
Medium (4 player)
Population
200
Speed
Normal
Resources
Standard
Victory
Conquest
Starting age
Dark Age
Ending age
Imperial Age
RankedLock teamsTeams togetherTeam positionsShared explorationLock speedFull tech treeHidden civsTurbo modeCheats
Victory
Defeat
🇵🇪 Chinese · Peru
908
+16
🇨🇳 Koreans · China
844
+19
🇨🇴 Italians · Colombia
920
-18
🇭🇳 Byzantines · Honduras
901
-17
ale544
7:34 Loom
10:19 Feudal Age
12:08 Wheelbarrow
13:33 Double-Bit Axe
18:09 Castle Age
19:54 Bow Saw
19:35 Horse Collar
23:26 Scale Mail Armor
33:38 Imperial Age
36:07 Hand Cart
36:44 Conscription
36:06 Elite Skirmisher
40:53 Fletching
41:04 Padded Archer Armor
42:26 Chemistry
andres7194
10:28 Feudal Age
11:56 Loom
15:26 Castle Age
13:27 Double-Bit Axe
16:37 Bow Saw
16:13 Horse Collar
26:31 Imperial Age
23:49 Town Watch
24:43 Wheelbarrow
25:59 Forging
25:49 Scale Mail Armor
25:59 Squires
29:13 Pikeman
30:29 Iron Casting
30:51 Chain Mail Armor
35:16 Elite Skirmisher
37:19 Blast Furnace
36:59 Ballistics
37:02 Fletching
37:13 Padded Archer Armor
38:15 Chemistry
37:34 Murder Holes
39:17 Masonry
40:27 Silk Road
LaTO
7:35 Loom
10:14 Feudal Age
10:41 Double-Bit Axe
10:47 Horse Collar
21:50 Castle Age
20:52 Stone Mining
22:10 Gold Mining
24:02 Forging
24:24 Arson
26:13 Bow Saw
27:10 Gold Shaft Mining
28:12 Wheelbarrow
30:35 Fletching
34:07 Imperial Age
35:01 Iron Casting
37:16 Bodkin Arrow
37:45 Heavy Scorpion
39:20 Elite Fire Lancer
41:09 Hand Cart
41:47 Ballistics
42:28 Chemistry
43:39 Rocketry
VespidVeil98689
11:40 Feudal Age
15:20 Castle Age
14:07 Double-Bit Axe
14:10 Horse Collar
17:00 Bow Saw
17:21 Heavy Plow
22:39 Wheelbarrow
25:02 Gold Mining
26:58 Treadmill Crane
31:01 Imperial Age
28:18 Loom
28:48 Hand Cart
28:18 Town Watch
28:26 Fletching
29:12 Ballistics
29:03 Masonry
28:48 Murder Holes
28:56 Scale Mail Armor
30:04 Town Patrol
30:41 Stone Mining
31:29 Gold Shaft Mining
32:45 Stone Shaft Mining
33:15 Chemistry
32:01 Arrowslits
32:48 Architecture
32:24 Siege Engineers
32:17 Bodkin Arrow
32:38 Chain Mail Armor
31:48 Pikeman
32:28 Squires
32:57 Eupseong
33:19 Conscription
35:41 Halberdier
36:54 Plate Mail Armor
39:35 Two-Man Saw
40:32 Elite War Wagon
42:46 Guilds
Connection lost

Rejoining the realm…

Still unreachable

The connection could not be restored.

Session expired

The server has moved on; the page needs a fresh start.